PBL
SOUTHERN MARYLAND BLUE CRABS @ DETROIT RED WINGS
09/19/2044
 
TOP OF THE 1ST
Southern Maryland Blue Crabs batting - Pitching for Detroit Red Wings : LHP Estêvão Cavadas
Pitching: LHP Estêvão Cavadas
Batting: LHB Eric Jackson 0-0: SINGLE (Groundball, 4MD, EV 100.0 MPH) (infield hit)
Batting: RHB Tony Fernandez 0-0: Ball
1-0: Ball
Eric Jackson steals 2nd base (no throw)
2-0: Foul Ball, location: 2F
2-1: SINGLE (Flyball, 34D, EV 93.8 MPH)
Eric Jackson to third
Batting: RHB Daniel Jackson 0-0: Fly out, F8 (Flyball, 8LM, EV 88.8 MPH)
Runner from 3rd tags up, SCORES, throw by CF
Batting: RHB Ismael Macedo 0-0: Ball
1-0: Called Strike
1-1: Called Strike
1-2: Fielders Choice at 2nd, 5-4 (Groundball, 56S, EV 88.8 MPH)
Batting: RHB Tony Godley 0-0: Called Strike
0-1: Called Strike
0-2: Ball
1-2: Fly out, F4 (Popup, 34, EV 77.5 MPH)
Top of the 1st over - 1 run, 2 hits, 0 errors, 1 left on base; Southern Maryland 1 - Detroit 0
BOTTOM OF THE 1ST
Detroit Red Wings batting - Pitching for Southern Maryland Blue Crabs : RHP Art Boulter
Pitching: RHP Art Boulter
Batting: LHB George Moran 0-0: Ground out 6-3 (Groundball, 6MD, EV 85.6 MPH)
Batting: RHB Carlos Armenteros 0-0: Called Strike
0-1: Ball
1-1: Swinging Strike
1-2: Fly out, F9 (Flyball, 9D, EV 86.3 MPH)
Batting: RHB Tony Soto 0-0: Ball
1-0: Ball
2-0: Called Strike
2-1: Foul Ball, location: 2F
2-2: Strikes out swinging
Bottom of the 1st over - 0 runs, 0 hits, 0 errors, 0 left on base; Southern Maryland 1 - Detroit 0
TOP OF THE 2ND
Southern Maryland Blue Crabs batting - Pitching for Detroit Red Wings : LHP Estêvão Cavadas
Batting: RHB Honório Szenes 0-0: Called Strike
0-1: Ball
1-1: Foul Ball, location: 2F
1-2: Ball
2-2: Ball
3-2: Base on Balls
Batting: RHB Ray Sims 0-0: Ball
1-0: Ball
2-0: Ball
3-0: Base on Balls
Honório Szenes to second
Batting: RHB Matt Berrier 0-0: Called Strike
0-1: Called Strike
0-2: Fly out, F9 (Flyball, 89M, EV 84.4 MPH)
Batting: SHB Chris Wright 0-0: 3-RUN HOME RUN (Flyball, 7LD, EV 96.3 MPH), Distance : 349 ft
Batting: LHB Eric Jackson 0-0: Foul Ball, location: 2F
0-1: Ball
1-1: Ball
2-1: Fly out, F6 (Popup, 56, EV 57.5 MPH)
Batting: RHB Tony Fernandez 0-0: Ball
1-0: Foul Ball, location: 2F
1-1: Swinging Strike
1-2: Foul Ball, location: 2F
1-2: Foul Ball, location: 2F
1-2: Ball
2-2: Ball
3-2: Foul Ball, location: 2F
3-2: Base on Balls
Batting: RHB Daniel Jackson 0-0: Called Strike
0-1: Ball
1-1: Ball
2-1: Ball
3-1: Base on Balls
Tony Fernandez to second
Batting: RHB Ismael Macedo 0-0: Called Strike
0-1: Ball
1-1: Swinging Strike
1-2: Foul Ball, location: 2F
1-2: Ground out 6-3 (Groundball, 6M, EV 100.6 MPH)
Top of the 2nd over - 3 runs, 1 hit, 0 errors, 2 left on base; Southern Maryland 4 - Detroit 0
BOTTOM OF THE 2ND
Detroit Red Wings batting - Pitching for Southern Maryland Blue Crabs : RHP Art Boulter
Batting: LHB Brad Gaskill 0-0: Swinging Strike
0-1: Swinging Strike
0-2: Foul Ball, location: 2F
0-2: Ball
1-2: Ground out 5-3 (Groundball, 56, EV 101.9 MPH)
Batting: RHB Brandon Everett 0-0: Ball
1-0: Fly out, F8 (Flyball, 89M, EV 90.0 MPH)
Batting: RHB Willie Ochoa 0-0: Ball
1-0: Foul Ball, location: 2F
1-1: Ball
2-1: Ball
3-1: Called Strike
3-2: Foul Ball, location: 2F
3-2: SINGLE (Line Drive, 7S, EV 105.6 MPH)
Batting: LHB Steve Herrera 0-0: Fly out, F8 (Flyball, 8LD, EV 100.6 MPH)
Bottom of the 2nd over - 0 runs, 1 hit, 0 errors, 1 left on base; Southern Maryland 4 - Detroit 0
TOP OF THE 3RD
Southern Maryland Blue Crabs batting - Pitching for Detroit Red Wings : LHP Estêvão Cavadas
Batting: RHB Tony Godley 0-0: Ball
1-0: Foul Ball, location: 2F
1-1: Ball
2-1: Ball
3-1: Base on Balls
Batting: RHB Honório Szenes 0-0: SINGLE (Line Drive, 89S, EV 110.0 MPH)
Tony Godley to second
Batting: RHB Ray Sims 0-0: Ball
1-0: Ball
2-0: Called Strike
2-1: Fielders Choice at 2nd, 6-4 (Groundball, 6, EV 85.0 MPH)
Tony Godley to third
Batting: RHB Matt Berrier 0-0: Ball
1-0: 3-RUN HOME RUN (Flyball, 7LD, EV 97.5 MPH), Distance : 350 ft
Batting: SHB Chris Wright 0-0: Foul Ball, location: 2F
0-1: Ball
1-1: Foul Ball, location: 2F
1-2: Strikes out swinging
Pitching: RHP Khalil Coleman
Batting: LHB Eric Jackson 0-0: Foul Ball, location: 2F
0-1: Ball
1-1: Called Strike
1-2: Ball
2-2: Ball
3-2: Base on Balls
Batting: RHB Tony Fernandez 0-0: Ball
1-0: Ball
2-0: Foul Ball, location: 2F
2-1: SINGLE (Line Drive, 8LS, EV 101.3 MPH)
Eric Jackson to second
Batting: RHB Daniel Jackson 0-0: Called Strike
0-1: Ball
1-1: DOUBLE (Line Drive, 5D, EV 100.0 MPH)
Eric Jackson scores
Tony Fernandez to third
Runner from 3rd tries for Home, throw by LF and OUT! 7-6-2
Top of the 3rd over - 4 runs, 4 hits, 0 errors, 1 left on base; Southern Maryland 8 - Detroit 0
BOTTOM OF THE 3RD
Detroit Red Wings batting - Pitching for Southern Maryland Blue Crabs : RHP Art Boulter
Batting: LHB Isao Fukui 0-0: Called Strike
0-1: Ball
1-1: Fly out, F9 (Flyball, 9S, EV 72.5 MPH)
Batting: SHB Eisse Wijnja 0-0: Ball
1-0: Swinging Strike
1-1: Ball
2-1: Foul Ball, location: 2F
2-2: Foul Ball, location: 2F
2-2: Foul Ball, location: 2F
2-2: Ground out 6-3 (Groundball, 56, EV 105.6 MPH)
Batting: LHB George Moran 0-0: Foul Ball, location: 2F
0-1: Foul Ball, location: 2F
0-2: Foul Ball, location: 2F
0-2: Ball
1-2: Ball
2-2: Strikes out swinging
Bottom of the 3rd over - 0 runs, 0 hits, 0 errors, 0 left on base; Southern Maryland 8 - Detroit 0
TOP OF THE 4TH
Southern Maryland Blue Crabs batting - Pitching for Detroit Red Wings : RHP Khalil Coleman
Batting: RHB Ismael Macedo 0-0: Ball
1-0: Called Strike
1-1: SINGLE (Line Drive, 8LS, EV 93.8 MPH)
Batting: RHB Tony Godley 0-0: Called Strike
0-1: DOUBLE (Line Drive, 78XD, EV 103.8 MPH)
Ismael Macedo to third
Batting: RHB Honório Szenes 0-0: Called Strike
0-1: Ball
1-1: Ball
2-1: Foul Ball, location: 2F
2-2: Strikes out swinging
Batting: RHB Ray Sims 0-0: Called Strike
0-1: Foul Ball, location: 2F
0-2: DOUBLE (Flyball, 89D, EV 98.1 MPH)
Ismael Macedo scores
Tony Godley scores
Batting: RHB Matt Berrier 0-0: Ball
Wild Pitch!
Ray Sims to third
1-0: Ball
2-0: Fly out, F7 (Flyball, 78S, EV 88.1 MPH)
Runner from 3rd tags up, OUT at HOME! 7-2
Top of the 4th over - 2 runs, 3 hits, 0 errors, 0 left on base; Southern Maryland 10 - Detroit 0
BOTTOM OF THE 4TH
Detroit Red Wings batting - Pitching for Southern Maryland Blue Crabs : RHP Art Boulter
Batting: RHB Carlos Armenteros 0-0: Ball
1-0: Ball
2-0: Fly out, F8 (Flyball, 8RM, EV 90.0 MPH)
Batting: RHB Tony Soto 0-0: Ball
1-0: Fly out, F4 (Popup, 13, EV 90.6 MPH)
Batting: LHB Brad Gaskill 0-0: Ball
1-0: Ball
2-0: Fly out, F8 (Flyball, 78D, EV 106.9 MPH)
Bottom of the 4th over - 0 runs, 0 hits, 0 errors, 0 left on base; Southern Maryland 10 - Detroit 0
TOP OF THE 5TH
Southern Maryland Blue Crabs batting - Pitching for Detroit Red Wings : RHP Khalil Coleman
Batting: SHB Chris Wright 0-0: Ball
1-0: Ball
2-0: Ball
3-0: Called Strike
3-1: Reached on error, E5 (Groundball, 56S, EV 84.4 MPH)
Batting: LHB Eric Jackson 0-0: Called Strike
0-1: Foul Ball, location: 2F
Balk!
Chris Wright to second
0-2: Ball
1-2: Ground out 4-3 (Groundball, 4, EV 108.1 MPH)
Chris Wright to third
Batting: RHB Tony Fernandez 0-0: Ball
Wild Pitch!
Chris Wright scores
1-0: SINGLE (Line Drive, 7S, EV 97.5 MPH)
Batting: RHB Daniel Jackson 0-0: Ball
1-0: Called Strike
1-1: Swinging Strike
1-2: Strikes out swinging
Batting: RHB Ismael Macedo 0-0: Called Strike
0-1: Called Strike
0-2: Strikes out swinging
Top of the 5th over - 1 run, 1 hit, 1 error, 1 left on base; Southern Maryland 11 - Detroit 0
BOTTOM OF THE 5TH
Detroit Red Wings batting - Pitching for Southern Maryland Blue Crabs : RHP Art Boulter
Batting: RHB Brandon Everett 0-0: Called Strike
0-1: Foul Ball, location: 2F
0-2: Ball
1-2: Strikes out swinging
Batting: RHB Willie Ochoa 0-0: Ball
1-0: Ball
2-0: Swinging Strike
2-1: Ball
3-1: Base on Balls
Batting: LHB Steve Herrera 0-0: Ball
1-0: Ball
2-0: Ball
3-0: Base on Balls
Willie Ochoa to second
Batting: LHB Isao Fukui 0-0: Ball
1-0: Foul Ball, location: 2F
1-1: Ball
2-1: Foul Ball, location: 2F
2-2: Grounds into double play, 3-6-3 (Groundball, 3, EV 107.5 MPH)
Bottom of the 5th over - 0 runs, 0 hits, 0 errors, 1 left on base; Southern Maryland 11 - Detroit 0
TOP OF THE 6TH
Southern Maryland Blue Crabs batting - Pitching for Detroit Red Wings : RHP Khalil Coleman
Pitching: RHP Jamie Christian
Batting: RHB Tony Godley 0-0: Ball
1-0: Ball
2-0: Foul Ball, location: 2F
2-1: Swinging Strike
2-2: Ball
3-2: Foul Ball, location: 2F
3-2: SINGLE (Flyball, 89S, EV 100.6 MPH)
Batting: RHB Honório Szenes 0-0: Foul Ball, location: 2F
0-1: Ball
1-1: Swinging Strike
1-2: Ball
2-2: Strikes out looking
Batting: RHB Ray Sims 0-0: Called Strike
0-1: Swinging Strike
0-2: Strikes out swinging
Batting: RHB Matt Berrier 0-0: Ball
1-0: Called Strike
1-1: Ball
2-1: Called Strike
2-2: Ball
3-2: Base on Balls
Tony Godley to second
Batting: SHB Chris Wright 0-0: Ball
1-0: Foul Ball, location: 2F
1-1: Foul Ball, location: 2F
1-2: Ball
2-2: SINGLE (Flyball, 9, EV 88.1 MPH)
Tony Godley to third
Matt Berrier to second
Runner from 3rd tries for Home, SAFE, throw by RF to home
Batting: LHB Eric Jackson 0-0: Ball
1-0: Ball
2-0: Ball
3-0: Base on Balls
Matt Berrier to third
Chris Wright to second
Batting: RHB Tony Fernandez 0-0: Foul Ball, location: 2F
0-1: Ball
1-1: Ball
2-1: Ball
3-1: Called Strike
3-2: Strikes out swinging
Top of the 6th over - 1 run, 2 hits, 0 errors, 3 left on base; Southern Maryland 12 - Detroit 0
BOTTOM OF THE 6TH
Detroit Red Wings batting - Pitching for Southern Maryland Blue Crabs : RHP Art Boulter
Batting: SHB Eisse Wijnja 0-0: Called Strike
0-1: SINGLE (Groundball, 6MD, EV 103.1 MPH)
Batting: LHB George Moran 0-0: Called Strike
0-1: Called Strike
0-2: Strikes out looking
Batting: RHB Carlos Armenteros 0-0: Foul Ball, location: 2F
0-1: Ball
1-1: Foul Ball, location: 2F
1-2: Foul Ball, location: 2F
1-2: Ball
2-2: Strikes out swinging
Batting: RHB Tony Soto 0-0: Foul Ball, location: 2F
0-1: Foul Ball, location: 2F
0-2: Strikes out swinging
Bottom of the 6th over - 0 runs, 1 hit, 0 errors, 1 left on base; Southern Maryland 12 - Detroit 0
TOP OF THE 7TH
Southern Maryland Blue Crabs batting - Pitching for Detroit Red Wings : RHP Jamie Christian
Batting: RHB Daniel Jackson 0-0: Swinging Strike
0-1: Fly out, F6 (Popup, 6MS, EV 62.5 MPH)
Batting: RHB Ben Sutton 0-0: Called Strike
0-1: Foul Ball, location: 2F
0-2: Foul Ball, location: 2F
0-2: SINGLE (Line Drive, 9LS, EV 107.5 MPH)
Batting: RHB Tony Godley 0-0: Ball
1-0: Ball
2-0: Foul Ball, location: 2F
2-1: Fly out, F3 (Line Drive, 3, EV 75.6 MPH)
Pitching: LHP Jean-Luc Legros
Batting: RHB Honório Szenes 0-0: Reached on error, E8 (Line Drive, 8LM, EV 96.3 MPH)
Ben Sutton to third
Batting: RHB Ray Sims 0-0: Called Strike
0-1: Fly out, F9 (Flyball, 9LS, EV 84.4 MPH)
Top of the 7th over - 0 runs, 1 hit, 1 error, 2 left on base; Southern Maryland 12 - Detroit 0
BOTTOM OF THE 7TH
Detroit Red Wings batting - Pitching for Southern Maryland Blue Crabs : RHP Art Boulter
Batting: LHB Brad Gaskill 0-0: SOLO HOME RUN (Flyball, 9D, EV 106.9 MPH), Distance : 424 ft
Batting: RHB Brandon Everett 0-0: Fly out, F9 (Line Drive, 9, EV 99.4 MPH)
Batting: RHB Willie Ochoa 0-0: Foul Ball, location: 2F
0-1: Swinging Strike
0-2: Ball
1-2: Ball
2-2: Fly out, F7 (Flyball, 7, EV 95.0 MPH)
Batting: LHB Steve Herrera 0-0: Called Strike
0-1: Ball
1-1: Called Strike
1-2: Ball
2-2: Strikes out swinging
Bottom of the 7th over - 1 run, 1 hit, 0 errors, 0 left on base; Southern Maryland 12 - Detroit 1
TOP OF THE 8TH
Southern Maryland Blue Crabs batting - Pitching for Detroit Red Wings : LHP Jean-Luc Legros
Batting: RHB Matt Berrier 0-0: Foul Ball, location: 2F
0-1: Ball
1-1: Ball
2-1: Foul Ball, location: 2F
2-2: Foul Ball, location: 2F
2-2: TRIPLE (Line Drive, 89XD, EV 106.3 MPH)
Batting: SHB Chris Wright 0-0: Ball
1-0: Foul Ball, location: 2F
1-1: Foul Ball, location: 2F
1-2: Ball
2-2: Fly out, F8 (Flyball, 89D, EV 91.9 MPH)
Runner from 3rd tags up, SCORES, throw by CF
Pinch Hitting: LHB Antonio Gutierrez 0-0: TRIPLE (Flyball, 78XD, EV 111.3 MPH)
Batting: RHB Tony Fernandez 0-0: Called Strike
0-1: Called Strike
0-2: Foul Ball, location: 2F
0-2: Ball
1-2: Ball
2-2: Strikes out swinging
Batting: RHB Daniel Jackson 0-0: Ball
1-0: Ball
2-0: Ball
3-0: Base on Balls
Batting: RHB Ben Sutton 0-0: Ball
1-0: Ball
2-0: Called Strike
2-1: Ball
3-1: Base on Balls
Daniel Jackson to second
Batting: RHB Tony Godley 0-0: Ground out 3-1 (Groundball, 34S, EV 85.0 MPH)
Top of the 8th over - 1 run, 2 hits, 0 errors, 3 left on base; Southern Maryland 13 - Detroit 1
BOTTOM OF THE 8TH
Detroit Red Wings batting - Pitching for Southern Maryland Blue Crabs : RHP Art Boulter
Now in CF: Tony Godley
Now in RF: Antonio Gutierrez
Batting: LHB Isao Fukui 0-0: Ball
1-0: Called Strike
1-1: Ball
2-1: Foul Ball, location: 2F
2-2: Hit by Pitch
Pitching: RHP Jon Bell
Pinch Runner at 1st Glen Boyle:
Batting: SHB Eisse Wijnja 0-0: Swinging Strike
0-1: Ball
1-1: Called Strike
1-2: Ball
2-2: Fly out, F7 (Line Drive, 7, EV 87.5 MPH)
Batting: LHB George Moran 0-0: Swinging Strike
0-1: Called Strike
0-2: Ball
1-2: Strikes out swinging
Batting: RHB Carlos Armenteros 0-0: Ball
1-0: Called Strike
1-1: Foul Ball, location: 2F
1-2: Ground out 4-3 (Groundball, 34, EV 106.3 MPH)
Bottom of the 8th over - 0 runs, 0 hits, 0 errors, 1 left on base; Southern Maryland 13 - Detroit 1
TOP OF THE 9TH
Southern Maryland Blue Crabs batting - Pitching for Detroit Red Wings : LHP Jean-Luc Legros
Now in LF: Juan Perez
Batting: RHB Honório Szenes 0-0: Ball
1-0: Ball
2-0: Called Strike
2-1: Swinging Strike
2-2: Ball
3-2: Ground out 4-3 (Groundball, 4, EV 86.9 MPH)
Pinch Hitting: RHB Danny Ayala 0-0: Swinging Strike
0-1: Ball
1-1: Swinging Strike
1-2: Ball
2-2: Ball
3-2: Base on Balls
Batting: RHB Matt Berrier 0-0: Ball
1-0: Foul Ball, location: 2F
1-1: Ball
2-1: Swinging Strike
2-2: Ball
3-2: Grounds into double play, 6-4-3 (Groundball, 6, EV 104.4 MPH)
Top of the 9th over - 0 runs, 0 hits, 0 errors, 0 left on base; Southern Maryland 13 - Detroit 1
BOTTOM OF THE 9TH
Detroit Red Wings batting - Pitching for Southern Maryland Blue Crabs : RHP Jon Bell
Now at C: Danny Ayala
Batting: RHB Tony Soto 0-0: Swinging Strike
0-1: Ball
1-1: Ball
2-1: Foul Ball, location: 2F
2-2: Strikes out swinging
Batting: LHB Brad Gaskill 0-0: Ball
1-0: Ball
2-0: Ball
3-0: Called Strike
3-1: Base on Balls
Batting: RHB Brandon Everett 0-0: Grounds into double play, 6-4-3 (Groundball, 56, EV 98.8 MPH)
Bottom of the 9th over - 0 runs, 0 hits, 0 errors, 0 left on base; Southern Maryland 13 - Detroit 1
Thursday, March 31st , 2022 - OOTP Baseball 22.12 Build 89